 Dungeon Crawl Stone Soup version 0.28-a0-1199-gef9e1dbd39 (webtiles) character file.

Game seed: 2646767158120965522

108 bande the Covered (level 4, -1/29 HPs)
             Began as a Gargoyle Fighter on Dec 20, 2021.
             Killed by nerve-wracking pain
             ... invoked by Grinder
              (3 damage)
             ... on level 3 of the Dungeon.
             The game lasted 00:04:09 (2549 turns).

bande the Covered (Gargoyle Fighter)                Turns: 2549, Time: 00:04:09

Health: -1/29      AC: 11    Str: 19    XL:     4   Next: 87%
Magic:  4/4        EV: 13    Int:  9    God:
Gold:   147        SH:  4    Dex: 11    Spells: 3/3 levels left

rFire   . . .      SeeInvis .   a - +0 war axe
rCold   + . .      Faith    .   c - +0 buckler
rNeg    + . .      Spirit   .   b - +0 scale mail
rPois   ∞          Reflect  .   (no helmet)
rElec   +          Harm     .   (no cloak)
rCorr   .          Rampage  .   e - +0 pair of gloves
Will    .....                   (no boots)
Stlth   ..........              (no amulet)
HPRegen 0.09/turn               j - ring of protection from cold
MPRegen 0.09/turn               k - +4 ring of evasion

@: no status effects
A: sickness immunity, AC +3, negative energy resistance 1, electricity
resistance, torment resistance 1, petrification resistance
a: no special abilities


You were on level 3 of the Dungeon.
You visited 1 branch of the dungeon, and saw 3 of its levels.

You collected 147 gold pieces.

Inventory:

Hand Weapons
 a - a +0 war axe (weapon)
Armour
 b - a +0 scale mail (worn)
 c - a +0 buckler (worn)
 e - a +0 pair of gloves (worn)
Jewellery
 i - a ring of magical power
 j - a ring of protection from cold (left hand)
 k - a +4 ring of evasion (right hand)
Scrolls
 g - a scroll of teleportation
 h - a scroll of identify
Potions
 d - a potion of might
 f - a potion of heal wounds {unknown}
 m - 2 potions of mutation {unknown}


   Skills:
 + Level 3.8 Fighting
 + Level 3.1 Axes
 + Level 4.0 Armour
 + Level 3.8 Shields


You had 3 spell levels left.
You didn't know any spells.
Your spell library was empty.

Dungeon Overview and Level Annotations

Branches:
Dungeon (3/15)

Altars:

Shops:
D:3 !

Annotations:
D:3 2 transporters, Grinder; avis's ghost, amateur OgHu


Innate Abilities, Weirdness & Mutations

You are immune to sickness and miasma.
Your stone body is resilient. (AC +3)
You are immune to poison.
You resist negative energy. (rN+)
You are resistant to electric shocks. (rElec)
You are resistant to unholy torment.
You are immune to petrification.


Message History

Grinder is heavily wounded.
Grinder closely misses you. Grinder barely misses you.
You slash Grinder!
Grinder is severely wounded.
Grinder hits you.
You writhe in agony.
You closely miss Grinder.
Grinder is severely wounded.
Grinder hits you but does no damage.
You barely miss Grinder.
Grinder is severely wounded.
Grinder barely misses you. Grinder hits you.
You closely miss Grinder.
Grinder is severely wounded.
Grinder says, "My boss said I was rubbish.
His entrails said otherwise."
You block Grinder's attack.
You barely miss Grinder.
Grinder is severely wounded.
Grinder says, "Mostly I couldn't keep them alive."
Grinder closely misses you.
You closely miss Grinder.
Grinder is severely wounded.
Grinder hits you but does no damage. Grinder closely misses you.
You hit Grinder but do no damage.
Grinder is severely wounded.
Grinder hits you.
* * * LOW HITPOINT WARNING * * *
You writhe in agony.
* * * LOW HITPOINT WARNING * * *
You hit Grinder but do no damage.
Grinder is severely wounded.
Grinder hits you but does no damage.
You slash Grinder!
Grinder is almost dead.
Grinder barely misses you. Grinder hits you.
* * * LOW HITPOINT WARNING * * *
You hit Grinder.
Grinder is almost dead.
Grinder gestures at you. Pain shoots through your body!
You die...

.####.###########
................#
.######.##.####.#
...>......#.# #.#
#######...##.##.#
.# #...# #.#.# .#
#...####..### .#
#.........5.#
.#######.######.@.#
................#.#
.#######..#######.#
## #..# #.# #..#
..# ##.# ### . .# .
.. . #.


You could see Grinder.

Vanquished Creatures
  5 adders
  5 worms (D:2)
  An orc (D:2)
  6 ball pythons
  4 endoplasms
  5 giant cockroaches
  2 hobgoblins (D:2)
  2 kobolds (D:1)
  2 quokkas
  3 bats
  4 frilled lizards (D:1)
  5 goblins
  6 rats
50 creatures vanquished.

Notes
Turn   | Place    | Note
-------+----------+-------------------------------------------
     0 | D:1      | bande the Gargoyle Fighter began the quest for the Orb.
     0 | D:1      | Reached XP level 1. HP: 14/14 MP: 1/1
   172 | D:1      | Found a faded altar of an unknown god.
   179 | D:1      | Reached XP level 2. HP: 16/19 MP: 2/2
   589 | D:1      | Reached XP level 3. HP: 23/23 MP: 3/3
  1131 | D:2      | Reached XP level 4. HP: 19/29 MP: 4/4
  1247 | D:2      | Reached skill level 4 in Armour
  2345 | D:3      | Found Jinokhux's Distillery.
  2352 | D:3      | Found a transporter.
  2355 | D:3      | Noticed an ogre
  2355 | D:3      | Noticed avis's ghost (amateur OgHu)
  2359 | D:3      | Found a transporter.
  2520 | D:3      | Noticed Grinder
  2549 | D:3      | Killed from afar by Grinder

Illustrated notes

Levels and vault maps discovered:
D:1:      ebering_trefoil_3fold, layout_basic,
          hellmonk_ecumenical_altar_heavens_door, serial_park_tiny_pond,
          st_stairs_14, minmay_pentomino_z2
D:2:      layout_basic, nicolae_wormholes
D:3:      layout_basic, gammafunk_ghost_smash, serial_shops, shop_fountains,
          minmay_tree_intersection, kennysheep_generic_room_4, uniq_grinder

Skill      XL: |  1  2  3  4 |
---------------+-------------+-----
Axes           | 2 3 |  3.1
Armour         | 4 |  4.0
Fighting       | |  3.8
Shields        | |  3.8

Action                   |  1- 3 |  4- 6 || total
-------------------------+-------+-------++-------
Melee: War axe           |    90 |    85 ||   175
  Use: Scroll            |     6 |     3 ||     9
Armor: Scale mail        |    54 |    26 ||    80
Dodge: Dodged            |    46 |    36 ||    82
Block: Buckler           |    23 |    16 ||    39

Table legend: (Time is in decaauts)
 A = Elapsed time spent in this place.
 B = Non-inter-level travel time spent in this place.
 C = Inter-level travel time spent in this place.
 D = Time resting spent in this place.
 E = Time spent auto-exploring this place.
 F = Levels seen in this place.
 G = Mean time per level.
                   A        B        C        D        E       F      G
               +--------+--------+--------+--------+--------+-----+--------+
         Total |   2615 |   2615 |      0 |    332 |   1740 |   3 |  871.7 |
       Dungeon |   2615 |   2615 |      0 |    332 |   1740 |   3 |  871.7 |
               +--------+--------+--------+--------+--------+-----+--------+

Top non-repeatable levels by time:
     D:2: 1348 daAuts
     D:1: 936 daAuts
     D:3: 330 daAuts
